 Dungeon Crawl Stone Soup version 0.21-a0-444-g29a2fec (webtiles) character file.

3908 vineage the Carver (level 10, -2/70 HPs)
             Began as a Demonspawn Fighter on Nov 17, 2017.
             Was a Priest of Cheibriados.
             Slain by an orc wizard
             ... wielding a +0 dagger
              (5 damage)
             ... on level 8 of the Dungeon.
             The game lasted 00:12:31 (7348 turns).

vineage the Carver (Demonspawn Fighter)             Turns: 7348, Time: 00:12:32

Health: -2/70      AC: 20    Str: 25    XL:     10   Next: 1%
Magic:  5/9        EV:  7    Int: 15    God:    Cheibriados [***...]
Gold:   589        SH: 11    Dex: 21    Spells: 9/9 levels left

rFire    . . .     SeeInvis .   a - +0 long sword
rCold    . . .     Gourm    .   c - +1 shield
rNeg     + . .     Faith    .   b - +0 scale mail
rPois    .         Spirit   .   e - +0 helmet
rElec    +         Reflect  .   (no cloak)
rCorr    .         Harm     .   H - +1 pair of gloves
MR       .....                  A - +0 pair of boots
Stlth    ..........             (no amulet)
HPRegen  0.21/turn              p - ring of positive energy
MPRegen  0.11/turn              m - +3 ring of protection

@: sanguine armour, very slow
A: claws 2, dopey 1, foul stench 1, low mp 1, electricity resistance, spiny 1,
rot immunity, subdued magic 1, sanguine armour 1
a: Bend Time, Temporal Distortion, Renounce Religion


You were on level 8 of the Dungeon.
You worshipped Cheibriados.
Cheibriados was most pleased with you.
You were hungry.

You visited 2 branches of the dungeon, and saw 9 of its levels.
You also visited: Sewer and Ossuary.

You collected 589 gold pieces.

Inventory:

Hand Weapons
 a - a +0 long sword (weapon)
Armour
 b - a +0 scale mail (worn)
 c - a +1 shield (worn)
 e - a +0 helmet (worn)
 A - a +0 pair of boots (worn)
 H - a +1 pair of gloves (worn)
Jewellery
 j - an uncursed ring of ice
 m - a +3 ring of protection (right hand)
 p - a ring of positive energy (left hand)
 u - an uncursed ring of wizardry
 I - an uncursed ring of flight {unknown}
Wands
 h - a wand of disintegration (8/24)
 F - a wand of scattershot (2/9)
Scrolls
 d - 3 scrolls of blinking
 i - a scroll of holy word
 o - 4 scrolls of amnesia
 q - 5 scrolls of teleportation
 t - a scroll of immolation
 w - 2 scrolls of fog
 z - a scroll of enchant weapon
 E - 2 scrolls of remove curse
 J - a scroll of noise
 L - a scroll of enchant armour
 M - a scroll of identify
 N - a scroll of recharging {unknown}
Potions
 g - a potion of curing
 k - a potion of resistance
 n - 3 potions of ambrosia
 r - 4 potions of magic
 x - 3 potions of brilliance
 B - 2 potions of haste
 D - a potion of might
 K - a potion of mutation {unknown}
 O - a potion of cancellation {unknown}
Books
 l - a book of Battle

   Spells                             Type                      Level
   a - Infusion                       Charms                       1
   b - Shroud of Golubria             Charms/Translocation         2
   c - Song of Slaying                Charms                       2
   d - Spectral Weapon                Hexes/Charms                 3
   e - Regeneration                   Charms/Necromancy            3
 y - a book of Changes

   Spells                             Type                      Level
   a - Beastly Appendage              Transmutation                1
   b - Sticks to Snakes               Transmutation                2
   c - Spider Form                    Transmutation/Poison         3
   d - Ice Form                       Ice/Transmutation            4
   e - Blade Hands                    Transmutation                5
 G - a book of Maledictions

   Spells                             Type                      Level
   a - Corona                         Hexes                        1
   b - Ensorcelled Hibernation        Hexes/Ice                    2
   c - Confuse                        Hexes                        3
   d - Tukima's Dance                 Hexes                        3
   e - Dazzling Spray                 Conjuration/Hexes            3
Comestibles
 f - 5 bread rations
 s - a meat ration


   Skills:
 - Level 3.0 Fighting
 + Level 12.9 Long Blades
 - Level 2.6 Armour
 - Level 2.6 Shields
 + Level 0.1 Invocations


You had 9 spell levels left.
You didn't know any spells.

Dungeon Overview and Level Annotations

Branches:
Dungeon (8/15)             Temple (1/1) D:5            Lair (0/6) D:8

Altars:
Cheibriados
Elyvilon
Fedhas
Gozag
Hepliaklqana
Nemelex Xobeh
Okawaru
Qazlal
Ru
Sif Muna
Trog
Uskayaw
Vehumet
Xom
Zin
The Shining One

Shops:
D:4 ?


Innate Abilities, Weirdness & Mutations

You have very sharp fingernails.
You may emit foul miasma when damaged in melee.
You are partially covered in sharp spines.
You are immune to rotting.
When seriously injured, your bleeding wounds create armour. (AC +6)
You are dopey. (Int -2)
Your magical capacity is low. (-10% MP)
You are resistant to electric shocks. (rElec)
Your spells are a little easier to cast, but a little less powerful.


Message History

The orc priest looks satisfied for a moment.
You barely miss something. Something hits you but does no damage.
You completely miss something. You closely miss something.
The orc priest invokes the aid of Beogh against you.
Beogh smites you!
* * * LOW HITPOINT WARNING * * *
You warp the flow of time around you!
You feel somewhat more hungry.
You closely miss the orc. Something hits you but does no damage.
You hit the orc priest.
The orc priest is moderately wounded.
You block the orc's attack.
The orc priest is struck by your spines.
The orc priest hits you but does no damage.
The orc priest looks sick.
You slash the orc priest!
You kill the orc priest!
Cheibriados thoroughly appreciates the change of pace.
Something hits you.
You die...

...≈≈# ≈≈ ..W≈≈#####
####≈≈ ....≈≈≈≈≈##
#≈≈≈≈≈. ##...§.)≈≈##
##≈≈.... ######...≈≈##
##≈≈...# .#
##...≈≈####≈≈...## .#
##≈≈.Y.≈≈##≈≈...§≈##
.#
#≈≈≈≈...≈##≈...§§≈§#
.#
#≈≈§≈≈#..≈##≈@o#≈≈§§§#
.##≈≈≈≈≈###.≈##≈)##
≈≈≈≈≈ .#P§≈≈≈##
#)≈≈≈≈.# ≈≈§≈ ##PP≈≈#
#..≈≈..# ≈§P #|PP#
#...o..# PP #####
##....## # .)..#
.........# ....#
..........# ....#
#..........#


You could see 2 orcs.

Vanquished Creatures
  A two-headed ogre (D:8)
  A hippogriff (D:8)
  An ice beast (D:8)
  A sky beast (D:3)
  2 phantoms
  5 ogres
  A crocodile (D:8)
  A big kobold (D:7)
  2 elf zombies (Ossuary)
  4 bullfrogs
  6 killer bees (D:8)
  2 scorpions
  3 howler monkeys
  4 crimson imps
  5 hounds
  The ghost of p0werm0de the Sneak, a weakling FeCK of Xom (D:4)
  5 orc priests
  2 human zombies (Ossuary)
  A centaur skeleton (D:8)
  Jessica (D:2)
  Natasha (D:2)
  2 iguanas (D:4)
  4 orc wizards
  3 worker ants
  2 big kobold zombies (Ossuary)
  2 hound zombies
  A hound skeleton (D:4)
  3 mummies (Ossuary)
  A worker ant zombie (D:5)
  12 adders
  A howler monkey skeleton (D:3)
  2 shadow imps (D:5)
  An ooze (D:1)
  3 adder skeletons
  4 adder zombies (Ossuary)
  7 worms
  2 dart slugs
  4 leopard geckos
  19 orcs
  A giant cockroach (D:6)
  2 gnoll zombies (Ossuary)
  11 goblins
  11 hobgoblins
  4 jackals (D:3)
  A quokka (D:4)
  5 ball pythons
  A ball python zombie (D:3)
  12 bats
  14 frilled lizards
  4 goblin zombies (Ossuary)
  5 hobgoblin zombies (Ossuary)
  A jackal skeleton (D:5)
  3 jackal zombies (Ossuary)
  19 kobolds
  2 kobold zombies (Ossuary)
  5 quokka zombies (Ossuary)
  11 rats
  4 rat zombies (Ossuary)
239 creatures vanquished.

Vanquished Creatures (others)
  A wizard (D:4)
1 creature vanquished.

Grand Total: 240 creatures vanquished

Notes
Turn   | Place    | Note
-------+----------+-------------------------------------------
     0 | D:1      | vineage the Demonspawn Fighter began the quest for the Orb.
     0 | D:1      | Reached XP level 1. HP: 18/18 MP: 1/1
    51 | D:1      | Reached skill level 2 in Long Blades
   126 | D:1      | Gained mutation: You have sharp fingernails. [demonic ancestry]
   126 | D:1      | Reached XP level 2. HP: 17/24 MP: 2/2
   206 | D:1      | Reached skill level 3 in Long Blades
   599 | D:1      | Gained mutation: You are immune to rotting. [demonic ancestry]
   599 | D:1      | Reached XP level 3. HP: 22/29 MP: 3/3
  1072 | D:2      | Gained mutation: You may emit foul miasma when damaged in melee. [demonic ancestry]
  1072 | D:2      | Reached XP level 4. HP: 28/35 MP: 4/4
  1144 | D:2      | Reached skill level 4 in Long Blades
  1269 | D:2      | Noticed Jessica
  1275 | D:2      | Killed Jessica
  1569 | D:2      | Noticed Natasha
  1581 | D:2      | Killed Natasha
  1707 | D:2      | Gained mutation: You have very sharp fingernails. [demonic ancestry]
  1707 | D:2      | Reached XP level 5. HP: 33/41 MP: 5/5
  1869 | D:3      | Reached skill level 5 in Long Blades
  2153 | D:3      | Noticed a sky beast
  2170 | D:3      | Killed a sky beast
  2170 | D:3      | Reached skill level 6 in Long Blades
  2170 | D:3      | Gained mutation: When seriously injured, your bleeding wounds create armour. (AC +6) [demonic ancestry]
  2170 | D:3      | Reached XP level 6. HP: 24/47 MP: 6/6
  2175 | D:3      | Gained mutation: You are dopey. (Int -2) [mutagenic meat]
  2176 | D:3      | Gained mutation: Your spells are a little easier to cast, but a little less powerful. [mutagenic meat]
  2177 | D:3      | Gained mutation: Your magical capacity is low. (-10% MP) [mutagenic meat]
  2178 | D:3      | Gained mutation: You are resistant to electric shocks. (rElec) [mutagenic meat]
  2946 | D:4      | Found Zutef's Magic Scroll Emporium.
  3004 | D:4      | Noticed p0werm0de's ghost (weakling FeCK)
  3027 | D:4      | Killed p0werm0de's ghost
  3027 | D:4      | Reached skill level 7 in Long Blades
  3027 | D:4      | Reached XP level 7. HP: 41/52 MP: 6/6
  3449 | D:4      | Found a hazy altar of Hepliaklqana.
  3474 | D:4      | Found a bloodstained altar of Trog.
  3476 | D:4      | Noticed a wizard
  3482 | D:4      | Killed a wizard
  3712 | D:5      | Entered Level 5 of the Dungeon
  3952 | D:5      | Found a glowing drain.
  3966 | D:5      | Reached skill level 8 in Long Blades
  4062 | Sewer    | Entered a sewer
  4644 | D:5      | Found a staircase to the Ecumenical Temple.
  4649 | Temple   | Entered the Ecumenical Temple
  4661 | Temple   | Became a worshipper of Cheibriados the Contemplative
  5056 | D:6      | Reached XP level 8. HP: 53/58 MP: 7/7
  5094 | D:6      | Reached skill level 9 in Long Blades
  5107 | D:6      | Found a sand-covered staircase.
  5121 | Ossuary  | Entered an ossuary
  5276 | Ossuary  | Reached * piety under Cheibriados
  5544 | D:6      | Reached skill level 10 in Long Blades
  5786 | D:6      | Reached ** piety under Cheibriados
  6236 | D:7      | Gained mutation: You are partially covered in sharp spines. [demonic ancestry]
  6236 | D:7      | Reached XP level 9. HP: 54/63 MP: 8/8
  6580 | D:8      | Reached skill level 11 in Long Blades
  6626 | D:8      | Found a staircase to the Lair.
  6725 | D:8      | Reached *** piety under Cheibriados
  7087 | D:8      | Noticed a two-headed ogre
  7095 | D:8      | Killed a two-headed ogre
  7095 | D:8      | Reached skill level 12 in Long Blades
  7326 | D:8      | Reached XP level 10. HP: 13/70 MP: 9/9
  7345 | D:8      | HP: 3/70 [orc priest/divine providence (15)]
  7348 | D:8      | Slain by an orc wizard

Vault maps used:
D:1:      minmay_arrival_wavy_path
D:2:      uniq_natasha, uniq_jessica
D:3:      serial_undead, serial_undead_a, serial_undead_b, serial_undead_a,
          serial_undead_a, serial_undead_d, serial_undead_b, first_bread
D:4:      lemuel_doored_altar, serial_shops, shop, moated_statue,
          roderic_roman_lattice, hangedman_abyss_or_decor_lesser_grid,
          trog_wizard
D:5:      temple_doors_e, cheibrodos_sewer_entry_sluice
D:6:      nicolae_ossuary_entry_monument
D:8:      minmay_weird_star
Temple:   dpeg_three_leaves_temple
Sewer:    sewer_co_cracked_pipes
Ossuary:  minmay_ossuary_two_tombs

Skill      XL: |  1  2  3  4  5  6  7  8  9 |
---------------+----------------------------+-----
Long Blades    | 2 3 4 6 7 8 10 12 | 12.9
Fighting       | |  3.0
Armour         | |  2.6
Shields        | |  2.6
Invocations    | |  0.1

Action                   |  1- 3 |  4- 6 |  7- 9 | 10-12 || total
-------------------------+-------+-------+-------+-------++-------
Melee: Long sword        |   149 |   250 |   665 |     8 ||  1072
Invok: Bend Time         |       |       |     1 |       ||     1
       Temporal Distorti |       |       |       |     1 ||     1
  Use: Scroll            |     3 |     6 |    13 |       ||    22
       Potion            |       |     3 |     5 |       ||     8
  Eat: Chunk             |       |    12 |     3 |       ||    15
       Royal jelly       |       |       |     2 |       ||     2
       Bread ration      |       |       |     1 |       ||     1
Armor: Scale mail        |    81 |   138 |   266 |     6 ||   491
Dodge: Dodged            |    41 |    86 |   142 |       ||   269
Block: Shield            |    84 |   133 |   315 |     2 ||   534
       Rpst.: Long sword |    16 |    35 |    49 |       ||   100

Table legend:
 A = Spawn XP
 B = Non-spawn XP
 C = Spawn XP percentage of total XP
 D = Spawn monster count
 E = Non-spawn monster count
 F = Spawn count percentage of total count
 G = Total turns spent on level
                    A         B        C        D         E        F      G
               +---------+---------+-------+---------+---------+-------+---------
         Total |       0 |    5583 |   0.0 |       0 |     239 |   0.0 |  7348
               +---------+---------+-------+---------+---------+-------+---------
           D:1 |       0 |      53 |   0.0 |       0 |      27 |   0.0 |   842
           D:2 |       0 |     143 |   0.0 |       0 |      28 |   0.0 |  1001
           D:3 |       0 |     377 |   0.0 |       0 |      43 |   0.0 |   757
           D:4 |       0 |     462 |   0.0 |       0 |      21 |   0.0 |  1112
           D:5 |       0 |     310 |   0.0 |       0 |      15 |   0.0 |   868
           D:6 |       0 |     682 |   0.0 |       0 |      13 |   0.0 |   557
           D:7 |       0 |     424 |   0.0 |       0 |       9 |   0.0 |   593
           D:8 |       0 |    2650 |   0.0 |       0 |      32 |   0.0 |   776
         Sewer |       0 |      37 |   0.0 |       0 |      12 |   0.0 |   444
       Ossuary |       0 |     445 |   0.0 |       0 |      39 |   0.0 |   375
               +---------+---------+-------+---------+---------+-------+---------
